 Dungeon Sprint DCSS version 0.20.1-1-g8b1a95d (webtiles) character file.

630 JustSomeDude the Unseen (level 7, 0/84 HPs)
             Began as a Vampire Assassin on Aug 26, 2017.
             Was an Initiate of Dithmenos.
             Succumbed to Sonja's poison
             ... in the Dungeon (Sprint I: "Red Sonja").
             The game lasted 00:01:37 (568 turns).

JustSomeDude the Unseen (Vampire Assassin)           Turns: 568, Time: 00:01:37

Health: 0/84       AC:  4    Str: 15    XL:     7   Next: 24%
Magic:  7/7        EV: 13    Int: 13    God:    Dithmenos [......]
Gold:   432        SH:  0    Dex: 18    Spells: 6/6 levels left

rFire    . . .     SeeInvis +   a - +2 dagger
rCold    . . .     Gourm    .   (no shield)
rNeg     + . .     Faith    .   o - +0 leather armour (curse)
rPois    .         Spirit   .   (no helmet)
rElec    .         Reflect  .   d - +0 cloak
rCorr    .         Harm     .   (no gloves)
MR       .....     NoTele   +   (no boots)
Stlth    ..........             (no amulet)
Regen    0.3/turn               (no ring)
MPRegen  0.1/turn               (no ring)

@: berserking (expiring), lethally poisoned (0 -> -85), hasted and slowed
A: fangs 3, see invisible, unbreathing
a: Bat Form, Renounce Religion


You were in the Dungeon.
You worshipped Dithmenos.
Dithmenos was noncommittal.
You were not thirsty.

You visited 1 branch You collected 432 gold pieces.

Inventory:

Hand Weapons
 a - a +2 dagger (weapon)
 b - a +0 blowgun
Missiles
 e - 8 poisoned needles
 f - 4 curare-tipped needles
 p - 3 javelins (quivered)
Armour
 c - a +0 robe
 d - a +0 cloak (worn)
 o - a cursed +0 leather armour (worn)
Wands
 n - a wand of random effects (18/48)
Scrolls
 m - a scroll of blinking
Potions
 g - 3 potions of blood
 i - a potion of heal wounds
 j - a potion of haste
 k - 2 potions of magic


   Skills:
 + Level 5.2 Fighting
 + Level 5.9 Short Blades
 + Level 3.5 Throwing
 + Level 3.1 Armour
 + Level 3.1 Dodging
 + Level 18.2 Stealth


You had 6 spell levels left.
You didn't know any spells.

Dungeon Overview and Level Annotations

Branches:
Dungeon (1/1)

Altars:
Cheibriados
Dithmenos
Elyvilon
Fedhas
Gozag
Hepliaklqana
Kikubaaqudgha
Makhleb
Nemelex Xobeh
Okawaru
Qazlal
Ru
Sif Muna
Trog
Uskayaw
Vehumet
Xom
Yredelemnul
Zin
The Shining One
Jiyva
Lugonu

Shops:
D }

Annotations:
D Sonja


Innate Abilities, Weirdness & Mutations

You have razor-sharp teeth.
You have supernaturally acute eyesight. (SInv)
You can survive without breathing.


Message History

You feel very sick. Sonja hits you but does no damage.
You are more poisoned.
Sonja closely misses you.
Sonja hits you with an uncursed dagger of venom.
* * * LOW HITPOINT WARNING * * *
You are more poisoned.
You barely miss Sonja. Your bite misses Sonja.
Sonja is severely wounded.
* * * LOW HITPOINT WARNING * * *
You feel very sick.
Sonja casts a spell.
Sonja blinks!
Unknown command.
* * * LOW HITPOINT WARNING * * *
You feel extremely sick.
You see here 27 gold pieces.
You now have 432 gold pieces (gained 27).
You feel a strong urge to attack something.
You die...

#..#####'#####'#__####
#..####..#...#.####
#..#__####K.##(#
#..#_____##'#..+
#⌠⌠#_.∩..÷'..._#
####_..__##_(#'#
#_____###'#.#
#########.### +@.$+
#$.$# ##.## #+#


There were no monsters in sight!

Vanquished Creatures
  A slime creature (D)
  Sigmund (D)
  A yak (D)
  An ogre (D)
  A jelly (D)
  Ijyb (D)
6 creatures vanquished.

Notes
Turn   | Place    | Note
-------+----------+-------------------------------------------
     0 | D        | JustSomeDude the Vampire Assassin began the quest for the Orb.
     0 | D        | Reached XP level 1. HP: 16/16 MP: 1/1
     1 | D        | Noticed Ijyb
    31 | D        | Killed Ijyb
    31 | D        | Reached skill level 9 in Stealth
    31 | D        | Reached XP level 2. HP: 7/23 MP: 2/2
   350 | D        | Noticed an ogre
   353 | D        | Killed an ogre
   353 | D        | Reached skill level 12 in Stealth
   353 | D        | Reached XP level 3. HP: 29/29 MP: 3/3
   353 | D        | Reached XP level 4. HP: 35/35 MP: 4/4
   362 | D        | Noticed Sigmund
   384 | D        | Killed Sigmund
   384 | D        | Reached skill level 1 in Armour
   384 | D        | Reached skill level 15 in Stealth
   384 | D        | Reached XP level 5. HP: 26/42 MP: 5/5
   384 | D        | Reached XP level 6. HP: 30/48 MP: 6/6
   466 | D        | Found a deep blue altar of Sif Muna.
   468 | D        | Found a radiant altar of Vehumet.
   475 | D        | Found Kyump's Gadget Emporium.
   475 | D        | Found an ancient bone altar of Kikubaaqudgha.
   475 | D        | Found a stormy altar of Qazlal.
   475 | D        | Found a blossoming altar of Fedhas.
   475 | D        | Found a bloodstained altar of Trog.
   475 | D        | Found an iron altar of Okawaru.
   475 | D        | Found a glowing golden altar of the Shining One.
   475 | D        | Found a glowing silver altar of Zin.
   475 | D        | Found a white marble altar of Elyvilon.
   475 | D        | Noticed a yak
   476 | D        | Found a hazy altar of Hepliaklqana.
   476 | D        | Found a hide-covered altar of Uskayaw.
   476 | D        | Found a basalt altar of Yredelemnul.
   476 | D        | Found an opulent altar of Gozag.
   476 | D        | Found a snail-covered altar of Cheibriados.
   476 | D        | Found a sacrificial altar of Ru.
   476 | D        | Found a shadowy altar of Dithmenos.
   477 | D        | Killed a yak
   477 | D        | Reached skill level 5 in Short Blades
   477 | D        | Reached skill level 17 in Stealth
   478 | D        | Found a sparkling altar of Nemelex Xobeh.
   484 | D        | Became a worshipper of Dithmenos the Shadowed
   527 | D        | Found a burning altar of Makhleb.
   527 | D        | Found a viscous altar of Jiyva.
   527 | D        | Found a shimmering altar of Xom.
   527 | D        | Found a corrupted altar of Lugonu.
   527 | D        | Noticed a slime creature
   530 | D        | Killed a slime creature
   530 | D        | Reached skill level 5 in Fighting
   530 | D        | Reached skill level 18 in Stealth
   530 | D        | Reached XP level 7. HP: 56/56 MP: 7/7
   552 | D        | Noticed Sonja
   568 | D        | Succumbed to Sonja's poison

Skill      XL: |  1  2  3  4  5  6 |
---------------+-------------------+-----
Fighting       | 2 3 4 5 |  5.2
Stealth        | 9 12 15 18 | 18.2
Short Blades   | 3 4 5 |  5.9
Throwing       | 2 3 |  3.5
Dodging        | 2 3 |  3.1
Armour         | 1 3 |  3.1

Action                   |  1- 3 |  4- 6 |  7- 9 || total
-------------------------+-------+-------+-------++-------
Melee: Dagger            |    30 |    23 |     5 ||    58
       Bite              |     5 |     1 |       ||     6
  Use: Potion            |       |       |     3 ||     3
 Stab: Sleeping          |     1 |     3 |       ||     4
Armor: Robe              |     6 |       |       ||     6
       Leather armour    |       |     2 |     3 ||     5
Dodge: Dodged            |    10 |     7 |     9 ||    26
